 Dungeon Crawl Stone Soup version 0.22.1-1-ga44c0e5 (webtiles) character file.

62 rabbit the Sneak (level 3, -1/16 HPs)
             Began as a Spriggan Enchanter on Oct 16, 2018.
             Killed from afar by Natasha (10 damage)
             ... with a wand of flame (21)
             ... on level 2 of the Dungeon.
             The game lasted 00:06:27 (1584 turns).

rabbit the Sneak (Spriggan Enchanter)               Turns: 1584, Time: 00:06:28

Health: -1/16      AC:  2    Str:  4    XL:     3   Next: 85%
Magic:  8/8        EV: 17    Int: 17    God:
Gold:   78         SH:  5    Dex: 16    Spells: 2/8 levels left

rFire    . . .     SeeInvis +   o - +1 dagger (venom)
rCold    . . .     Gourm    .   e - +0 buckler (curse)
rNeg     . . .     Faith    .   b - +0 robe
rPois    .         Spirit   .   (helmet restricted)
rElec    .         Reflect  .   (no cloak)
rCorr    .         Harm     .   (gloves unavailable)
MR       .....                  (boots unavailable)
Stlth    +++.......             (no amulet)
HPRegen  0.05/turn              (no ring)
MPRegen  0.11/turn              (no ring)

@: very quick
A: very small, unfitting armour, see invisible, herbivore, speed 3, slow
metabolism 2
a: no special abilities


You were on level 2 of the Dungeon.
You were not hungry.

You visited 1 branch of the dungeon, and saw 2 of its levels.

You collected 78 gold pieces.

Inventory:

Hand Weapons
 a - a +1 dagger
 j - a +0 short sword of venom
 o - a +1 dagger of venom (weapon)
Missiles
 c - 43 stones (quivered)
Armour
 b - a +0 robe (worn)
 e - a cursed +0 buckler (worn)
Scrolls
 f - a scroll of noise {unknown}
 g - 2 scrolls of teleportation
Potions
 h - 2 potions of might {unknown}
 m - a potion of heal wounds {unknown}
 n - a potion of curing {unknown}
Comestibles
 d - 3 rations


   Skills:
 * Level 2.1 Short Blades
 - Level 3.0 Dodging
 * Level 5.5 Stealth
 - Level 0.2 Shields
 + Level 3.3 Spellcasting
 + Level 4.2 Hexes


You had 2 spell levels left.
You knew the following spells:

 Your Spells              Type           Power        Failure   Level  Hunger
a - Corona                Hex            ###....      4%          1    None
b - Ensorcelled Hibernat  Hex/Ice        #.....       17%         2    ##.....
c - Confuse               Hex            ###.....     14%         3    ###....

Your spell library contained the following spells:

 Spells                   Type           Power        Failure   Level  Hunger
 Tukima's Dance           Hex            ###.....     14%         3    ###....
 Dazzling Spray           Conj/Hex       #.....       34%         3    ###....


Dungeon Overview and Level Annotations

Branches:
Dungeon (2/15)

Altars:

Annotations:
D:2 Natasha


Innate Abilities, Weirdness & Mutations

You are very small and have problems with some larger weapons.
You are too small for most types of armour.
You have supernaturally acute eyesight. (SInv)
You are a herbivore.
You cover ground extremely quickly.
You need to consume almost no food.


Message History

You closely miss the rat. The rat bites you.
You hit the rat.
You kill the rat!
You see here a rat corpse.
f - a scroll labeled NUEQEU ISTAYGO You start resting.
HP restored.
You start resting.
Magic restored.
c - 43 stones (gained 19) Natasha, Servant of Life and Death comes into view.
Natasha hisses angrily.
Found 17 arrows.
There is an open door here.
Natasha zaps a wand.
You block the puff of flame.
It is a wand of flame (22).
Natasha zaps a wand.
The puff of flame hits you!
Ouch! That really hurt!
Natasha zaps a wand.
The puff of flame hits you!
Ouch! That really hurt!
You die...

...# #.# #.##.# #### #.# #..#.#
#.# #..#.# #.# #.†#.# ######.#
###### #....# .......#
#....######.#..# ########
#....+.........##
##########....######.....#######
........(.......@h..............
############'#######.....########
#.# #.[.#>........ #.#
#...########## #.# #...# #.#
#...# #.# #...# #### #.# #...
...# #.#


You could see Natasha.

Vanquished Creatures
  Natasha (D:2)
  An adder (D:2)
  A dart slug (D:2)
  A ball python (D:1)
  4 goblins
  3 hobgoblins
  2 jackals (D:1)
  7 bats
  3 kobolds
  4 rats
27 creatures vanquished.

Notes
Turn   | Place    | Note
-------+----------+-------------------------------------------
     0 | D:1      | rabbit the Spriggan Enchanter began the quest for the Orb.
     0 | D:1      | Reached XP level 1. HP: 9/9 MP: 5/5
   410 | D:1      | Reached XP level 2. HP: 13/13 MP: 4/6
   643 | D:1      | Learned a level 2 spell: Ensorcelled Hibernation
  1296 | D:2      | Reached skill level 5 in Stealth
  1296 | D:2      | Reached XP level 3. HP: 16/16 MP: 6/8
  1361 | D:2      | Learned a level 3 spell: Confuse
  1419 | D:2      | Noticed Natasha
  1483 | D:2      | Killed Natasha
  1578 | D:2      | Noticed Natasha
  1584 | D:2      | Killed from afar by Natasha

Skill      XL: |  1  2  3 |
---------------+----------+-----
Spellcasting   | 3 |  3.3
Hexes          | 4 |  4.2
Stealth        | 5 |  5.5
Short Blades   | 2 |  2.1
Dodging        | |  3.0
Shields        | |  0.2

Action                   || total
-------------------------++-------
Melee: Dagger            ||    86
       Short sword       ||    28
 Cast: Corona            ||    19
       Confuse           ||     2
  Use: Scroll            ||     5
 Stab: Sleeping          ||     3
       Confused          ||     1
Armor: Robe              ||    10
Dodge: Dodged            ||    99
Block: Buckler           ||    29
